 Dungeon Crawl Stone Soup version 0.28-a0-461-g2dc4ca5097 (webtiles) character file.

Game seed: 13278399003011617889

1271 robertstho the Magician (level 8, 0/56 HPs)
             Began as a Djinni Fire Elementalist on Sept 13, 2021.
             Slain by a killer bee (5 damage)
             ... on level 5 of the Dungeon.
             The game lasted 00:05:44 (5777 turns).

robertstho the Magician (Djinni Fire Elementalist)  Turns: 5777, Time: 00:05:45

Health: 0/56       AC:  8    Str:  7    XL:     8   Next: 83%
Gold:   202        EV: 12    Int: 19    God:
                   SH:  0    Dex: 14

rFire   + + +      SeeInvis .   j - staff of fire
rCold   x x .      Faith    .   (no shield)
rNeg    . . .      Spirit   .   a - +0 robe
rPois   ∞          Reflect  .   b - +0 helmet
rElec   .          Harm     .   (no cloak)
rCorr   .          Rampage  .   l - +0 pair of gloves
Will    .....                   (boots unavailable)
Stlth   ++........              (no amulet)
HPRegen 0.18/turn               k - +4 ring of protection
MPRegen 0.00/turn               r - ring of fire

@: flying, hasted, very quick
A: sickness immunity, fire resistance 2, cold vulnerability 1, float, innate
caster, hp casting, extra vitality 1
a: no special abilities


You were on level 5 of the Dungeon.
You visited 2 branches of the dungeon, and saw 6 of its levels.

You collected 202 gold pieces.

Inventory:

Hand Weapons
 c - a +1 dagger
Missiles
 t - a throwing net
Armour
 a - a +0 robe (worn)
 b - a +0 helmet (worn)
 l - a +0 pair of gloves (worn)
Magical Staves
 j - a staff of fire (weapon)
Jewellery
 e - a ring of see invisible
 k - a +4 ring of protection (left hand)
 q - a ring of positive energy
 r - a ring of fire (right hand)
Scrolls
 h - a scroll of magic mapping
 m - a scroll of fear {unknown}
 n - a scroll of amnesia {unknown}
 o - a scroll of enchant armour {unknown}
 p - a scroll of enchant weapon
Potions
 d - a potion of curing {unknown}
 f - a potion of flight {unknown}
 g - a potion of haste
 i - 2 potions of lignification {unknown}
 s - a potion of brilliance {unknown}
 u - 2 potions of heal wounds {unknown}


   Skills:
 * Level 3.0 Fighting
 + Level 2.6 Dodging
 + Level 2.4 Stealth
 * Level 7.4 Spellcasting


You had 2 spell levels left.
You knew the following spells:

 Your Spells              Type           Power      Damage    Failure   Level
a - Foxfire               Conj/Fire      100%       2x1d9     1%          1
b - Scorch                Fire           100%       2d10      1%          2
c - Conjure Flame         Conj/Fire      68%        6-21      1%          3
d - Inner Flame           Hex/Fire       68%        N/A       1%          3
e - Flame Wave            Conj/Fire      68%        3d12      4%          4
f - Animate Skeleton      Necr           70%        N/A       1%          1
g - Blink                 Tloc           N/A        N/A       1%          2
h - Vampiric Draining     Necr           17%        2d8       1%          3
Your spell library was empty.

Dungeon Overview and Level Annotations

Branches:
Dungeon (5/15)             Temple (1/1) D:5

Altars:
Ashenzari
Cheibriados
Dithmenos
Fedhas
Hepliaklqana
Kikubaaqudgha
Makhleb
Nemelex Xobeh
Okawaru
Qazlal
Ru
Trog
Uskayaw
Vehumet
Wu Jian
Xom
Yredelemnul
Zin
The Shining One


Innate Abilities, Weirdness & Mutations

You are immune to sickness and miasma.
You are immune to poison.
Your flesh is very heat resistant. (rF++)
You are vulnerable to cold. (rC-)
You float through the air rather than walking.
You learn spells naturally, not from books.
Your magical power is your life essence.
You have superior vitality. (+4 HP)


Message History

The killer bee stings you but does no damage.
The killer bee stings you. The killer bee barely misses you.
The killer bee stings you. The killer bee closely misses you.
Casting: Foxfire (safe; 1% risk of failure)
Press: ? - help, Q - select action, (/) - cycle Dir - look around, f - activate You feel a strong surge of power!
You conjure some foxfire!
The foxfire hits the killer bee.
The killer bee is almost dead.
The killer bee barely misses you. The killer bee stings you.
The killer bee stings you but does no damage.
The killer bee stings you. x2
A killer bee comes into view.
The killer bee barely misses you.
Casting: Foxfire (safe; 1% risk of failure)
Confirm with . or Enter, or press ? or * to list all spells.
You feel a strong surge of power!
Flames lash the killer bee.
The killer bee is lightly wounded.
The killer bee's fire resistance burns away.
* * * LOW HITPOINT WARNING * * *
The foxfire hits the killer bee.
The killer bee is lightly wounded.
The foxfire hits the killer bee.
The killer bee is moderately wounded.
The killer bee barely misses you. The killer bee stings you.
* * * LOW HITPOINT WARNING * * *
The killer bee stings you.
* * * LOW HITPOINT WARNING * * *
The killer bee barely misses you. The killer bee stings you.
* * * LOW HITPOINT WARNING * * *
The killer bee closely misses you.
It was a potion of haste.
You feel yourself speed up. The killer bee barely misses you.
The killer bee stings you but does no damage.
The killer bee stings you.
* * * LOW HITPOINT WARNING * * *
The killer bee stings you.
* * * LOW HITPOINT WARNING * * *
The killer bee stings you but does no damage.
The killer bee stings you.
You die...

##.# ..# ..##..#
#.##..### #.##..#..
## #<##..#.# ....
#.##..#.# .#
#..##.##..#.# #.#
##..yy@...|#.# #.#
.....yyy†...#.# #.#
####.######.#.###.##
#. #.#..#...### #
######...#......#
........###...#.#
....####.#.#.##.#
###.# #..##....#
#.####..#####.#


You could see 5 killer bees.

Vanquished Creatures
  Prince Ribbit (D:5)
  A water moccasin (D:5)
  A hornet zombie (D:5)
  An ice beast (D:4)
  An ogre (D:5)
  A centaur (D:5)
  4 phantoms
  A killer bee (D:5)
  A hound (D:3)
  2 orc priests (D:5)
  An orc wizard (D:5)
  10 adders
  An adder zombie (D:5)
  A dart slug (D:2)
  6 orcs
  An endoplasm (D:3)
  5 giant cockroaches
  5 goblins
  4 hobgoblins
  5 jackals (D:3)
  7 quokkas
  4 ball pythons
  5 bats
  2 frilled lizards
  4 kobolds
  7 rats
82 creatures vanquished.

Vanquished Creatures (others)
  365 foxfires
365 creatures vanquished.

Grand Total: 447 creatures vanquished

Notes
Turn   | Place    | Note
-------+----------+-------------------------------------------
     0 | D:1      | robertstho the Djinni Fire Elementalist began the quest for
                  | the Orb.
     0 | D:1      | Reached XP level 1. HP: 15/15 MP: 0/0
   381 | D:1      | Reached XP level 2. HP: 21/21 MP: 0/0
  1632 | D:2      | Reached skill level 3 in Spellcasting
  1632 | D:2      | Reached XP level 3. HP: 20/26 MP: 0/0
  1632 | D:2      | Learned a level 1 spell: Animate Skeleton
  1931 | D:2      | Reached XP level 4. HP: 28/31 MP: 0/0
  1960 | D:2      | You are sucked into a shaft and drop 2 floors!
  2033 | D:4      | Reached skill level 1 in Fighting
  2648 | D:3      | Reached XP level 5. HP: 34/37 MP: 0/0
  2648 | D:3      | Learned a level 2 spell: Blink
  2941 | D:3      | Reached skill level 4 in Spellcasting
  3890 | D:2      | Found a faded altar of an unknown god.
  4058 | D:4      | Noticed a phantom
  4069 | D:4      | Killed a phantom
  4070 | D:4      | Reached XP level 6. HP: 31/43 MP: 0/0
  4300 | D:5      | Entered Level 5 of the Dungeon
  4300 | D:5      | Noticed a black bear
  4338 | D:5      | Noticed an ice beast
  4559 | D:4      | Killed an ice beast
  4560 | D:4      | Reached skill level 5 in Spellcasting
  4720 | D:5      | Reached XP level 7. HP: 29/49 MP: 0/0
  4720 | D:5      | Learned a level 3 spell: Vampiric Draining
  4885 | D:5      | Found a staircase to the Ecumenical Temple.
  4905 | Temple   | Entered the Ecumenical Temple
  5293 | D:5      | Reached skill level 6 in Spellcasting
  5297 | D:5      | Reached XP level 8. HP: 32/55 MP: 0/0
  5750 | D:5      | Reached skill level 7 in Spellcasting
  5751 | D:5      | Noticed Prince Ribbit
  5765 | D:5      | Killed Prince Ribbit
  5777 | D:5      | Slain by a killer bee

Illustrated notes

Levels and vault maps discovered:
D:1:      minmay_arrival_four_loops, layout_loops_cross
D:2:      layout_basic, basic_ecumenical_altar, ebering_dispersal_statue_hall
D:3:      cheibrodos_helix_gallery, layout_basic, general_overflow_altar,
          gup_sewer_entry_pipe
D:4:      layout_basic
D:5:      layout_loops_ring, gammafunk_temple_overflow_statue,
          minmay_temple_entry_junction, uniq_prince_ribbit1, uniq_edmund,
          uniq_sigmund
Temple:   dpeg_five_rooms_temple

Skill      XL: |  1  2  3  4  5  6  7  8 |
---------------+-------------------------+-----
Spellcasting   | 3 4 5 6 7 |  7.4
Fighting       | 1 2 3 |  3.0
Stealth        | 2 |  2.4
Dodging        | |  2.6

Action                   |  1- 3 |  4- 6 |  7- 9 || total
-------------------------+-------+-------+-------++-------
 Cast: Foxfire           |    62 |   109 |    65 ||   236
       Scorch            |       |    24 |    14 ||    38
  Use: Scroll            |       |     3 |       ||     3
       Potion            |       |       |     1 ||     1
Armor: Robe              |     6 |     4 |     8 ||    18
Dodge: Dodged            |    15 |    20 |    19 ||    54

Table legend: (Time is in decaauts)
 A = Elapsed time spent in this place.
 B = Non-inter-level travel time spent in this place.
 C = Inter-level travel time spent in this place.
 D = Time resting spent in this place.
 E = Time spent auto-exploring this place.
 F = Levels seen in this place.
 G = Mean time per level.
                   A        B        C        D        E       F      G
               +--------+--------+--------+--------+--------+-----+--------+
         Total |   5781 |   5456 |    325 |    353 |   4473 |   6 |  963.5 |
       Dungeon |   5477 |   5183 |    294 |    353 |   4210 |   5 | 1095.4 |
        Temple |    304 |    273 |     31 |      0 |    263 |   1 |  304.0 |
               +--------+--------+--------+--------+--------+-----+--------+

Top non-repeatable levels by time:
     D:3: 1466 daAuts
     D:1: 1386 daAuts
     D:2: 954 daAuts
     D:4: 897 daAuts
     D:5: 771 daAuts
  Temple: 304 daAuts
